 Dungeon Crawl Stone Soup version 0.27-a0-1502-g47ed6a6988 (webtiles) character file.

Game seed: 14661050208350877280

349 snetch the Magician (level 6, 0/40 HPs)
             Began as a Djinni Fire Elementalist on July 8, 2021.
             Was a Believer of Uskayaw.
             Slain by a sky beast (5 damage)
             ... on level 5 of the Dungeon.
             The game lasted 00:08:28 (3050 turns).

snetch the Magician (Djinni Fire Elementalist)      Turns: 3050, Time: 00:08:30

Health: 0/40       AC:  2    Str:  7    XL:     6   Next: 92%
Gold:   82         EV: 12    Int: 18    God:    Uskayaw [**....] SH:  0 Dex: 14

rFire    + + .     SeeInvis .   (no weapon)
rCold    x . .     Faith    .   (no shield)
rNeg     . . .     Spirit   .   a - +0 robe
rPois    ∞         Reflect  .   (no helmet)
rElec    .         Harm     .   (no cloak)
rCorr    .         Rampage  .   (no gloves)
Will     .....                  (boots unavailable)
Stlth    ++........             (no amulet)
HPRegen  0.13/turn              (no ring)
MPRegen  0.00/turn              (no ring)

@: flying, very slightly contaminated
A: sickness immunity, fire resistance 2, cold vulnerability 1, float, innate
caster, hp casting, extra vitality 1
a: Renounce Religion, Stomp, Line Pass


You were on level 5 of the Dungeon.
You worshipped Uskayaw.
Uskayaw was noncommittal.
You visited 1 branch of the dungeon, and saw 5 of its levels.
You also visited: Sewer.

You collected 82 gold pieces.

Inventory:

Hand Weapons
 l - a +0 scythe
Missiles
 b - 29 stones
 g - 18 bolts
 k - 11 sling bullets
Armour
 a - a +0 robe (worn)
 j - a +0 kite shield
 o - a +0 scale mail
Scrolls
 c - 2 scrolls of fear {unknown}
 d - 2 scrolls of teleportation {unknown}
 h - a scroll of fog {unknown}
 p - a scroll of magic mapping {unknown}
Potions
 e - a potion of might {unknown}
 f - a potion of berserk rage {unknown}
 i - 2 potions of curing {unknown}
 m - 3 potions of haste {unknown}
 n - a potion of heal wounds {unknown}


   Skills:
 + Level 0.2 Fighting
 + Level 2.7 Dodging
 + Level 2.8 Stealth
 + Level 5.0 Spellcasting


You couldn't memorise any spells.
You knew the following spells:

 Your Spells              Type           Power      Damage    Failure   Level
a - Foxfire               Conj/Fire      88%        2x1d8     1%          1
b - Conjure Flame         Conj/Fire      22%        6-21      4%          3
c - Inner Flame           Hex/Fire       22%        N/A       4%          3
d - Sticky Flame          Conj/Fire      22%        2d4       17%         4
e - Fireball              Conj/Fire      11%        3d7       43%         5
f - Corona                Hex            24%        N/A       1%          1
g - Blink                 Tloc           N/A        N/A       2%          2
Your spell library was empty.

Dungeon Overview and Level Annotations

Branches:
Dungeon (5/15)              Sewer (visited)
 Temple: D:4-7

Altars:
Uskayaw
The Shining One


Innate Abilities, Weirdness & Mutations

You are immune to sickness and miasma.
You are immune to poison.
Your flesh is very heat resistant. (rF++)
You are vulnerable to cold. (rC-)
You float through the air rather than walking.
You learn spells naturally, not from books.
Your magical power is your life essence.
You have superior vitality. (+4 HP)


Message History

The sky beast misses you.
You miscast Foxfire.
You are very lightly contaminated with residual magic.
Nothing appears to happen.
The foxfire hits the sky beast.
The sky beast is heavily wounded.
The foxfire hits the sky beast.
The sky beast is heavily wounded.
The sky beast hits you. The sky beast shocks you.
You can now pass through a line of other dancers.
You are too injured to fight recklessly!
You are too injured to fight recklessly!
Unknown command.
Casting: Foxfire (safe; 1% risk of failure)
Press: ? - help, Q - select action, (/) - cycle Dir - look around, f - activate You conjure some foxfire!
The sky beast hits you.
* * * LOW HITPOINT WARNING * * *
The sky beast shocks you.
* * * LOW HITPOINT WARNING * * *
Casting: Foxfire (safe; 1% risk of failure)
Press: ? - help, Q - select action, (/) - cycle Dir - look around, f - activate You conjure some foxfire!
* * * LOW HITPOINT WARNING * * *
The foxfire hits the sky beast.
The sky beast is severely wounded.
The foxfire hits the sky beast.
The sky beast is severely wounded.
The sky beast closely misses you.
Casting: Foxfire (safe; 1% risk of failure)
Press: ? - help, Q - select action, (/) - cycle Dir - look around, f - activate You conjure some foxfire!
* * * LOW HITPOINT WARNING * * *
The foxfire hits the sky beast but does no damage.
The sky beast is severely wounded.
The foxfire hits the sky beast.
The sky beast is severely wounded.
The sky beast flickers out of sight!
Deactivating autopickup; reactivate with Ctrl-A.
Something hits you.
You die...

#.#.# #.#># #.#.# #.#.#
#.#.#########
#....≈......
#.##########..##≈≈≈≈≈# #
.......<..<..v##≈≈≈≈≈##.#
############{@§≈.....≈≈.#
#v.§≈.....≈≈.#
#.........≈≈.#
##.≈≈.....≈≈.#
#.≈≈.....≈≈.#
#.##≈≈.≈≈##.# #≈##≈≈.≈≈#
# ...........
#...##..#####


There were no monsters in sight!

Vanquished Creatures
  Sigmund (D:2)
  Purgy (Sewer)
  A howler monkey (D:5)
  An adder (D:2)
  A worm (D:5)
  3 dart slugs
  An orc (D:3)
  3 endoplasms
  A giant cockroach (D:1)
  11 goblins
  A hobgoblin (D:2)
  2 jackals (D:1)
  A quokka (D:2)
  6 ball pythons
  13 bats
  A frilled lizard (D:2)
  8 kobolds
  3 rats
59 creatures vanquished.

Vanquished Creatures (others)
  225 foxfires
225 creatures vanquished.

Grand Total: 284 creatures vanquished

Notes
Turn   | Place    | Note
-------+----------+-------------------------------------------
     0 | D:1      | snetch the Djinni Fire Elementalist began the quest for the
                  | Orb.
     0 | D:1      | Reached XP level 1. HP: 15/15 MP: 0/0
   345 | D:1      | Found a faded altar of an unknown god.
   354 | D:1      | Became a worshipper of Uskayaw the Reveller
   354 | D:1      | Reached * piety under Uskayaw
   366 | D:1      | Reached XP level 2. HP: 17/21 MP: 0/0
   370 | D:1      | Reached ** piety under Uskayaw
   729 | D:1      | Reached *** piety under Uskayaw
   730 | D:1      | Reached skill level 3 in Spellcasting
   735 | D:1      | Reached XP level 3. HP: 14/25 MP: 0/0
   735 | D:1      | Learned a level 1 spell: Corona
  1714 | D:2      | Found a glowing golden altar of the Shining One.
  2035 | D:2      | Reached XP level 4. HP: 28/31 MP: 0/0
  2440 | D:2      | Noticed Sigmund
  2446 | D:2      | Killed Sigmund
  2447 | D:2      | Reached skill level 4 in Spellcasting
  2447 | D:2      | Reached XP level 5. HP: 27/35 MP: 0/0
  2447 | D:2      | Learned a level 2 spell: Blink
  2447 | D:2      | Reached XP level 6. HP: 31/40 MP: 0/0
  2673 | D:5      | Entered Level 5 of the Dungeon
  2674 | D:5      | Found a glowing drain.
  2693 | Sewer    | Entered a sewer
  2899 | Sewer    | Noticed Purgy
  2922 | Sewer    | Killed Purgy
  2923 | Sewer    | Reached skill level 5 in Spellcasting
  3036 | D:4      | Noticed a sky beast
  3050 | D:5      | Slain by a sky beast

Illustrated notes

Levels and vault maps discovered:
D:1:      eino_arrival_cavern_d, layout_loops_ring,
          dreamdust_ecumenical_altar_statues
D:2:      layout_basic, basic_altar, uniq_sigmund
D:3:      layout_rooms, fedhas_ov_isle_minmay, serial_shops,
          nicolae_shop_waterfront, minmay_randomly_rotated_circles
D:4:      layout_cave_pools, lemuel_crystal_altar
D:5:      layout_loops_ring, yredelemnul_altar_generic,
          cheibrodos_sewer_entry_sluice

Skill      XL: |  1  2  3  4  5  6 |
---------------+-------------------+-----
Spellcasting   | 3 4 5 |  5.0
Stealth        | 2 |  2.8
Fighting       | |  0.2
Dodging        | |  2.7

Action                   |  1- 3 |  4- 6 || total
-------------------------+-------+-------++-------
 Cast: Foxfire           |    83 |    52 ||   135
Armor: Robe              |     1 |     1 ||     2
Dodge: Dodged            |    13 |     6 ||    19

Table legend: (Time is in decaauts)
 A = Elapsed time spent in this place.
 B = Non-inter-level travel time spent in this place.
 C = Inter-level travel time spent in this place.
 D = Time resting spent in this place.
 E = Time spent auto-exploring this place.
 F = Levels seen in this place.
 G = Mean time per level.
                   A        B        C        D        E       F      G
               +--------+--------+--------+--------+--------+-----+--------+
         Total |   3057 |   3021 |     36 |      0 |   2317 |   6 |  509.5 |
       Dungeon |   2728 |   2692 |     36 |      0 |   2069 |   5 |  545.6 |
         Sewer |    328 |    328 |      0 |      0 |    248 |   1 |  328.0 |
               +--------+--------+--------+--------+--------+-----+--------+

Top non-repeatable levels by time:
     D:1: 1376 daAuts
     D:2: 1244 daAuts
   Sewer: 328 daAuts
     D:3: 54 daAuts
     D:5: 46 daAuts
     D:4: 6 daAuts
